EL
PENSACOLA BLUE WAHOOS @ COLUMBIA FIREFLIES
06/27/2048
 
TOP OF THE 1ST
Pensacola Blue Wahoos batting - Pitching for Columbia Fireflies : RHP Tyler Lybrand
Pitching: RHP Tyler Lybrand
Batting: RHB Sang-ton Pak 0-0: Foul Ball, location: 2F
0-1: DOUBLE (Line Drive, 9LS, EV 111.9 MPH)
Batting: LHB Phil Lomax 0-0: Fly out, F8 (Flyball, 8LD, EV 91.2 MPH)
Batting: RHB Tony Casas 0-0: Ball
1-0: Ball
2-0: Ground out 6-3 (Groundball, 56, EV 78.1 MPH)
Batting: RHB Juan Reyes 0-0: Ball
1-0: Called Strike
1-1: Called Strike
1-2: Ball
2-2: Foul Ball, location: 2F
2-2: Strikes out swinging
Top of the 1st over - 0 runs, 1 hit, 0 errors, 1 left on base; Pensacola 0 - Columbia 0
BOTTOM OF THE 1ST
Columbia Fireflies batting - Pitching for Pensacola Blue Wahoos : LHP Elijah McLeod
Pitching: LHP Elijah McLeod
Batting: RHB Omar Novoa 0-0: Ground out 4-3 (Groundball, 4M, EV 85.0 MPH)
Batting: RHB Larry Shoop 0-0: Ball
1-0: Fly out, F6 (Line Drive, 6M, EV 71.2 MPH)
Batting: SHB Masatoshi Akahoshi 0-0: Ball
1-0: Called Strike
1-1: Foul Ball, location: 2F
1-2: Ball
2-2: Ball
3-2: Ground out 6-3 (Groundball, 6, EV 85.0 MPH)
Bottom of the 1st over - 0 runs, 0 hits, 0 errors, 0 left on base; Pensacola 0 - Columbia 0
TOP OF THE 2ND
Pensacola Blue Wahoos batting - Pitching for Columbia Fireflies : RHP Tyler Lybrand
Batting: RHB Dave Ruiz 0-0: Swinging Strike
0-1: Ball
1-1: Called Strike
1-2: Ball
2-2: SINGLE (Groundball, 4M, EV 105.6 MPH) (infield hit)
Batting: LHB Brian Snyder 0-0: Called Strike
0-1: Ball
1-1: Ball
2-1: Swinging Strike
2-2: Grounds into double play, 4-6-3 (Groundball, 34, EV 83.1 MPH)
Batting: RHB Jordan Torres 0-0: Called Strike
0-1: Fly out, F9 (Flyball, 9, EV 94.4 MPH)
Top of the 2nd over - 0 runs, 1 hit, 0 errors, 0 left on base; Pensacola 0 - Columbia 0
BOTTOM OF THE 2ND
Columbia Fireflies batting - Pitching for Pensacola Blue Wahoos : LHP Elijah McLeod
Batting: RHB Masaya Nakamura 0-0: Called Strike
0-1: Foul Ball, location: 2F
0-2: Ball
1-2: SINGLE (Flyball, 4MD, EV 94.4 MPH)
Batting: SHB Justin Wallace 0-0: Foul Ball, location: 2F
0-1: Ball
1-1: Called Strike
1-2: Foul Ball, location: 2F
1-2: Fly out, F7 (Flyball, 78M, EV 95.6 MPH)
Batting: RHB Andy Carrell 0-0: Ball
1-0: Foul Ball, location: 2F
1-1: Ball
2-1: Ball
3-1: Swinging Strike
3-2: Grounds into double play, 5-4-3 (Groundball, 56, EV 80.6 MPH)
Bottom of the 2nd over - 0 runs, 1 hit, 0 errors, 0 left on base; Pensacola 0 - Columbia 0
TOP OF THE 3RD
Pensacola Blue Wahoos batting - Pitching for Columbia Fireflies : RHP Tyler Lybrand
Batting: RHB Matt Silva 0-0: SINGLE (Groundball, 56D, EV 104.4 MPH)
Batting: RHB Pat Mage 0-0: Ball
1-0: Swinging Strike
1-1: Ball
2-1: Foul Ball, location: 2F
2-2: Strikes out swinging
Batting: RHB Sang-ton Pak 0-0: Ball
1-0: Ball
2-0: Ball
3-0: Swinging Strike
3-1: Foul Ball, location: 2F
3-2: Strikes out swinging
Batting: LHB Phil Lomax 0-0: Ball
1-0: Called Strike
1-1: Ball
2-1: Foul Ball, location: 2F
2-2: Fielders Choice at 2nd, 6-4 (Groundball, 6, EV 83.1 MPH)
Top of the 3rd over - 0 runs, 1 hit, 0 errors, 1 left on base; Pensacola 0 - Columbia 0
BOTTOM OF THE 3RD
Columbia Fireflies batting - Pitching for Pensacola Blue Wahoos : LHP Elijah McLeod
Batting: LHB Tony Leyba 0-0: Ball
1-0: SINGLE (Groundball, 56D, EV 96.9 MPH)
Batting: RHB Dan Muse 0-0: Swinging Strike
0-1: Ball
1-1: Foul Ball, location: 2F
1-2: Strikes out swinging
Batting: RHB David Reyna 0-0: Ball
1-0: Ball
2-0: Fielders Choice at 2nd, 6-4 (Groundball, 6S, EV 84.4 MPH)
Batting: RHB Omar Novoa 0-0: Ball
1-0: Swinging Strike
1-1: Fly out, F8 (Flyball, 8RD, EV 76.2 MPH)
Bottom of the 3rd over - 0 runs, 1 hit, 0 errors, 1 left on base; Pensacola 0 - Columbia 0
TOP OF THE 4TH
Pensacola Blue Wahoos batting - Pitching for Columbia Fireflies : RHP Tyler Lybrand
Batting: RHB Tony Casas 0-0: Ball
1-0: Called Strike
1-1: SINGLE (Flyball, 6MD, EV 85.6 MPH)
Batting: RHB Juan Reyes 0-0: Called Strike
Tony Casas steals 2nd base
0-1: Ball
Tony Casas steals 3rd base
1-1: Foul Ball, location: 2F
1-2: Ball
2-2: Ground out 6-3 (Groundball, 6S, EV 94.4 MPH)
Tony Casas scores
Batting: RHB Dave Ruiz 0-0: Called Strike
0-1: Ball
1-1: Foul Ball, location: 2F
1-2: Ball
2-2: Strikes out swinging
Batting: LHB Brian Snyder 0-0: Called Strike
0-1: Called Strike
0-2: Fly out, F1 (Line Drive, P, EV 61.9 MPH)
Top of the 4th over - 1 run, 1 hit, 0 errors, 0 left on base; Pensacola 1 - Columbia 0
BOTTOM OF THE 4TH
Columbia Fireflies batting - Pitching for Pensacola Blue Wahoos : LHP Elijah McLeod
Batting: RHB Larry Shoop 0-0: Called Strike
0-1: Fly out, F7 (Line Drive, 7S, EV 98.8 MPH)
Batting: SHB Masatoshi Akahoshi 0-0: Ball
1-0: Ball
2-0: Ground out 5-3 (Groundball, 5S, EV 80.6 MPH)
Batting: RHB Masaya Nakamura 0-0: Ball
1-0: Ball
2-0: Ground out 4-3 (Groundball, 4, EV 85.6 MPH)
Bottom of the 4th over - 0 runs, 0 hits, 0 errors, 0 left on base; Pensacola 1 - Columbia 0
TOP OF THE 5TH
Pensacola Blue Wahoos batting - Pitching for Columbia Fireflies : RHP Tyler Lybrand
Batting: RHB Jordan Torres 0-0: Called Strike
0-1: Ball
1-1: Foul Ball, location: 2F
1-2: Foul Ball, location: 2F
1-2: Ball
2-2: Strikes out swinging
Batting: RHB Matt Silva 0-0: Ball
1-0: Ball
2-0: Fly out, F7 (Line Drive, 78M, EV 96.2 MPH)
Batting: RHB Pat Mage 0-0: Ball
1-0: Ball
2-0: Called Strike
2-1: Foul Ball, location: 2F
2-2: Ground out 4-3 (Groundball, 4, EV 80.0 MPH)
Top of the 5th over - 0 runs, 0 hits, 0 errors, 0 left on base; Pensacola 1 - Columbia 0
BOTTOM OF THE 5TH
Columbia Fireflies batting - Pitching for Pensacola Blue Wahoos : LHP Elijah McLeod
Batting: SHB Justin Wallace 0-0: Called Strike
0-1: Called Strike
0-2: Ball
1-2: Ball
2-2: SINGLE (Line Drive, 8RS, EV 103.8 MPH)
Batting: RHB Andy Carrell 0-0: Fly out, F8 (Flyball, 8RXD, EV 96.2 MPH)
Batting: LHB Tony Leyba 0-0: Ball
1-0: SINGLE (Groundball, 5L, EV 95.6 MPH)
Justin Wallace to second
Batting: RHB Dan Muse 0-0: Fielders Choice at 2nd, 4-6 (Groundball, 4M, EV 83.8 MPH)
Justin Wallace to third
Batting: RHB David Reyna 0-0: Ball
1-0: Ball
2-0: Ball
3-0: Base on Balls
Dan Muse to second
Batting: RHB Omar Novoa 0-0: Ground out U3 (Groundball, 3, EV 81.9 MPH)
Bottom of the 5th over - 0 runs, 2 hits, 0 errors, 3 left on base; Pensacola 1 - Columbia 0
TOP OF THE 6TH
Pensacola Blue Wahoos batting - Pitching for Columbia Fireflies : RHP Tyler Lybrand
Batting: RHB Sang-ton Pak 0-0: Fly out, F8 (Line Drive, 8LD, EV 103.1 MPH)
Batting: LHB Phil Lomax 0-0: TRIPLE (Flyball, 89XD, EV 109.4 MPH)
Batting: RHB Tony Casas 0-0: Ball
1-0: Ball
2-0: Ball
3-0: Swinging Strike
3-1: Foul Ball, location: 2F
3-2: Ground out 5-3 (Groundball, 56, EV 88.1 MPH)
Batting: RHB Juan Reyes 0-0: Ball
1-0: Ball
2-0: Called Strike
2-1: Foul Ball, location: 2F
2-2: Strikes out swinging
Top of the 6th over - 0 runs, 1 hit, 0 errors, 1 left on base; Pensacola 1 - Columbia 0
BOTTOM OF THE 6TH
Columbia Fireflies batting - Pitching for Pensacola Blue Wahoos : LHP Elijah McLeod
Batting: RHB Larry Shoop 0-0: Foul Ball, location: 2F
0-1: Foul Ball, location: 2F
0-2: Strikes out swinging
Batting: SHB Masatoshi Akahoshi 0-0: Ground out 6-3 (Groundball, 6, EV 105.6 MPH)
Batting: RHB Masaya Nakamura 0-0: Ball
1-0: Called Strike
1-1: Foul Ball, location: 2F
1-2: Foul Ball, location: 2F
1-2: Foul Ball, location: 2F
1-2: Fly out, F7 (Flyball, 7, EV 83.1 MPH)
Bottom of the 6th over - 0 runs, 0 hits, 0 errors, 0 left on base; Pensacola 1 - Columbia 0
TOP OF THE 7TH
Pensacola Blue Wahoos batting - Pitching for Columbia Fireflies : RHP Tyler Lybrand
Batting: RHB Dave Ruiz 0-0: Called Strike
0-1: Ball
1-1: Called Strike
1-2: Ball
2-2: Foul Ball, location: 2F
2-2: SINGLE (Groundball, 6MD, EV 101.2 MPH) (infield hit)
Batting: LHB Brian Snyder 0-0: Called Strike
0-1: SINGLE (Line Drive, 3D, EV 96.2 MPH)
Dave Ruiz to second
Runner from 2nd tries for 3rd, SAFE, throw by RF made to third
Batting: RHB Jordan Torres 0-0: Ball
1-0: Ball
2-0: Grounds into double play, U3-6 (Groundball, 3L, EV 92.5 MPH)
Dave Ruiz scores
Batting: RHB Matt Silva 0-0: Ground out 6-3 (Groundball, 6M, EV 82.5 MPH)
Top of the 7th over - 1 run, 2 hits, 0 errors, 0 left on base; Pensacola 2 - Columbia 0
BOTTOM OF THE 7TH
Columbia Fireflies batting - Pitching for Pensacola Blue Wahoos : LHP Elijah McLeod
Batting: SHB Justin Wallace 0-0: Called Strike
0-1: Foul Ball, location: 2F
0-2: Ball
1-2: Ball
2-2: Foul Ball, location: 2F
2-2: Ball
3-2: Foul Ball, location: 2F
3-2: Foul Ball, location: 2F
3-2: Base on Balls
Batting: RHB Andy Carrell 0-0: Bunt - Flyout to 13S! F1
Batting: RHB Jose Lara 0-0: SINGLE (Groundball, 6D, EV 106.2 MPH)
Justin Wallace to second
Batting: RHB Dan Muse 0-0: Ball
1-0: Fly out, F8 (Line Drive, 8RM, EV 90.6 MPH)
Batting: RHB David Reyna 0-0: Called Strike
0-1: Foul Ball, location: 2F
0-2: Ball
1-2: Ball
2-2: Ball
3-2: Strikes out swinging
Bottom of the 7th over - 0 runs, 1 hit, 0 errors, 2 left on base; Pensacola 2 - Columbia 0
TOP OF THE 8TH
Pensacola Blue Wahoos batting - Pitching for Columbia Fireflies : RHP Tyler Lybrand
Batting: RHB Pat Mage 0-0: Ball
1-0: Swinging Strike
1-1: Foul Ball, location: 2F
1-2: Ground out U3 (Groundball, 34, EV 100.0 MPH)
Pitching: RHP Marvin Merino
Batting: RHB Sang-ton Pak 0-0: Ball
1-0: SINGLE (Groundball, 4MD, EV 101.9 MPH) (infield hit)
Batting: LHB Phil Lomax 0-0: Foul Ball, location: 2F
0-1: Grounds into double play, 5-4-3 (Groundball, 56, EV 90.6 MPH)
Top of the 8th over - 0 runs, 1 hit, 0 errors, 0 left on base; Pensacola 2 - Columbia 0
BOTTOM OF THE 8TH
Columbia Fireflies batting - Pitching for Pensacola Blue Wahoos : LHP Elijah McLeod
Batting: RHB Omar Novoa 0-0: Ball
1-0: Called Strike
1-1: Ground out 4-3 (Groundball, 4M, EV 83.8 MPH)
Batting: RHB Larry Shoop 0-0: Swinging Strike
0-1: Ground out 4-3 (Groundball, 34, EV 98.8 MPH)
Batting: SHB Masatoshi Akahoshi 0-0: Ball
1-0: Called Strike
1-1: Ball
2-1: SINGLE (Groundball, 6D, EV 102.5 MPH)
Batting: RHB Masaya Nakamura 0-0: Ball
1-0: SINGLE (Groundball, 4MD, EV 96.9 MPH)
Masatoshi Akahoshi to second
Batting: SHB Justin Wallace 0-0: Ball
1-0: Called Strike
1-1: Ball
2-1: DOUBLE (Groundball, 5L, EV 106.9 MPH)
Masatoshi Akahoshi scores
Masaya Nakamura to third
Pitching: LHP Gavrilo Brkic
Batting: RHB Andy Carrell 0-0: Ball
1-0: Called Strike
1-1: Fly out, F9 (Flyball, 9, EV 91.9 MPH)
Bottom of the 8th over - 1 run, 3 hits, 0 errors, 2 left on base; Pensacola 2 - Columbia 1
TOP OF THE 9TH
Pensacola Blue Wahoos batting - Pitching for Columbia Fireflies : RHP Marvin Merino
Batting: RHB Tony Casas 0-0: Fly out, F8 (Flyball, 8RS, EV 82.5 MPH)
Batting: RHB Juan Reyes 0-0: Foul Ball, location: 2F
0-1: Ball
1-1: Swinging Strike
1-2: Ball
2-2: Ball
3-2: Foul Ball, location: 2F
3-2: Base on Balls
Batting: RHB Dave Ruiz 0-0: Ball
1-0: Ball
2-0: Called Strike
2-1: Ball
3-1: Fielders Choice at 2nd, 6-4 (Groundball, 6, EV 85.6 MPH)
Batting: LHB Brian Snyder 0-0: SINGLE (Line Drive, 89M, EV 93.8 MPH)
Dave Ruiz to second
Batting: RHB Jordan Torres 0-0: Swinging Strike
0-1: Swinging Strike
0-2: Strikes out swinging
Top of the 9th over - 0 runs, 1 hit, 0 errors, 2 left on base; Pensacola 2 - Columbia 1
BOTTOM OF THE 9TH
Columbia Fireflies batting - Pitching for Pensacola Blue Wahoos : LHP Gavrilo Brkic
Batting: RHB Jose Lara 0-0: Fly out, F8 (Flyball, 8RM, EV 78.1 MPH)
Batting: RHB Dan Muse 0-0: Ball
1-0: Swinging Strike
1-1: Ball
2-1: Foul Ball, location: 2F
2-2: Ball
3-2: Strikes out swinging, 2-3 out at first.
Batting: RHB David Reyna 0-0: Ball
1-0: Called Strike
1-1: Called Strike
1-2: Ground out 6-3 (Groundball, 56, EV 105.0 MPH)
Bottom of the 9th over - 0 runs, 0 hits, 0 errors, 0 left on base; Pensacola 2 - Columbia 1
Tuesday, March 28th , 2023 - OOTP Baseball 23.10 Build 110